 Seeded DCSS version 0.28.0-43-g3370ac3207 (webtiles) character file.

Game seed: 13591998346360536447 (custom seed)

49 hikkokomori the Skirmisher (level 3, -2/34 HPs)
             Began as a Hill Orc Fighter on Mar 1, 2022.
             Killed from afar by Natasha (6 damage)
             ... with a puff of flame
             ... on level 1 of the Dungeon.
             The game lasted 00:01:11 (1261 turns).

hikkokomori the Skirmisher (Hill Orc Fighter)       Turns: 1261, Time: 00:01:12

Health: -2/34      AC:  7    Str: 20    XL:     3   Next: 75%
Magic:  3/3        EV:  9    Int:  8    God:
Gold:   60         SH:  4    Dex: 10    Spells: 2/2 levels left

rFire   . . .      SeeInvis .   a - +0 war axe
rCold   . . .      Faith    .   c - +0 buckler
rNeg    . . .      Spirit   .   b - +0 scale mail
rPois   .          Reflect  .   (no helmet)
rElec   .          Harm     .   (no cloak)
rCorr   .          Rampage  .   (no gloves)
Will    .....                   (no boots)
Stlth   ..........              (no amulet)
HPRegen 0.11/turn               (no ring)
MPRegen 0.08/turn               (no ring)

@: no status effects
A: no striking features
a: no special abilities


You were on level 1 of the Dungeon.
You visited 1 branch of the dungeon, and saw 2 of its levels.

You collected 60 gold pieces.

Inventory:

Hand Weapons
 a - a +0 war axe (weapon)
Armour
 b - a +0 scale mail (worn)
 c - a +0 buckler (worn)
Jewellery
 j - a ring of resist corrosion
Scrolls
 e - a scroll of teleportation {unknown}
 g - 3 scrolls of identify {unknown}
 h - 3 scrolls of acquirement {unknown}
 i - a scroll of vulnerability {unknown}
Potions
 d - a potion of might
 f - a potion of haste {unknown}


   Skills:
 + Level 4.3 Fighting
 + Level 3.7 Axes
 + Level 4.0 Armour
 - Level 3.2 Shields


You had 2 spell levels left.
You didn't know any spells.
Your spell library contained the following spells:

 Spells                   Type           Power      Damage    Failure   Level
 Static Discharge         Conj/Air       0%         N/A       94%         2
 Dispel Undead            Necr           0%         3d6       100%        4
 Sticky Flame             Conj/Fire      0%         2d3       100%        4


Dungeon Overview and Level Annotations

Branches:
Dungeon (2/15)

Altars:

Annotations:
D:1 Natasha


Message History

The hobgoblin hits you. You block the hobgoblin's attack.
Natasha casts a spell.
You closely miss the hobgoblin.
The hobgoblin is almost dead.
The hobgoblin hits you but does no damage.
The hobgoblin hits you.
Natasha casts a spell.
You hit the hobgoblin.
You kill the hobgoblin!
The shadow imp sputters.
Your Armour skill increases to level 4!
You hit the hobgoblin.
The hobgoblin is heavily wounded.
The hobgoblin barely misses you.
The hobgoblin hits you but does no damage.
You hit the hobgoblin.
You kill the hobgoblin!
Natasha casts a spell at you. The magic dart hits you!
* * * LOW HITPOINT WARNING * * *
You slash Natasha!
Natasha is severely wounded.
Natasha mumbles some strange words.
You closely miss Natasha.
Natasha is severely wounded.
Natasha zaps a wand.
The puff of flame hits you.
* * * LOW HITPOINT WARNING * * *
Natasha claws you but does no damage.
You closely miss Natasha.
Natasha is severely wounded.
Natasha closely misses you.
You hit Natasha.
Natasha is almost dead.
Natasha stares at you and mumbles some strange words.
You resist with significant effort.
You hit Natasha but do no damage.
Natasha is almost dead.
Natasha claws you but does no damage.
Natasha zaps a wand.
The puff of flame hits you.
You die...

..# #≈...†#.######
..# #≈....#.#
.♣#####≈≈≈≈≈#######
...#..+######.....#
................>†#
........#......55.#
P......##...).##5##
.......##.....##h#
..#...........##@#
.####......#####.#
...(..).†..#####.#
.####(#....#.....#
.# #[#....#.....#
.# #.#.####.....#
.####.#.# #####.#
.(....#.# #.#
#####.#.# #.#


You could see Natasha, a crimson imp (summoned) and 2 shadow imps.

Vanquished Creatures
  4 dart slugs
  A bat (D:1)
  3 endoplasms
  A giant cockroach (D:2)
  6 hobgoblins (D:1)
  5 jackals
  5 kobolds (D:1)
  A quokka (D:1)
  2 ball pythons
  A frilled lizard (D:2)
  A goblin (D:1)
  7 rats
37 creatures vanquished.

Notes
Turn   | Place    | Note
-------+----------+-------------------------------------------
     0 | D:1      | hikkokomori the Hill Orc Fighter began the quest for the
                  | Orb.
     0 | D:1      | Reached XP level 1. HP: 19/19 MP: 1/1
   239 | D:1      | Reached XP level 2. HP: 27/27 MP: 2/2
   438 | D:1      | Reached XP level 3. HP: 33/33 MP: 3/3
  1087 | D:2      | Noticed Natasha
  1261 | D:1      | Killed from afar by Natasha

Illustrated notes

Levels and vault maps discovered:
D:1:      wander_arrival_fairy_ring, layout_basic, chequers_serial_rivers_room_a
D:2:      layout_loops_ring, shapermc_ecumenical_altar_venn, uniq_natasha

Skill      XL: |  1  2  3 |
---------------+----------+-----
Axes           | 3 |  3.7
Fighting       | 4 |  4.3
Armour         | 4 |  4.0
Shields        | |  3.2

Action                   || total
-------------------------++-------
Melee: War axe           ||   107
Armor: Scale mail        ||    55
Dodge: Dodged            ||    48
Block: Buckler           ||    27
